 Dungeon Crawl Stone Soup version 0.20-a0-647-gf178af5 (webtiles) character file.

124 Kwzr the Magician (level 4, 0/30 HPs)
             Began as a Demonspawn Wanderer on Feb 15, 2017.
             Killed from afar by Laan's ghost (12 damage)
             ... with a flame tongue
             ... on level 3 of the Dungeon.
             The game lasted 00:19:23 (2139 turns).

Kwzr the Magician (Demonspawn Wanderer)             Turns: 2139, Time: 00:19:24

Health: 0/30       AC:  3    Str: 14    XL:     4   Next: 81%
Magic:  0/10       EV: 10    Int: 14    God:
Gold:   101        SH:  0    Dex: 11    Spells: 5/12 levels left

rFire    . . .     SeeInvis .   r - +0 great mace
rCold    + . .     Gourm    .   u - +0 leather armour
rNeg     . . .     Faith    .   (shield currently unavailable)
rPois    .         Spirit   +   (helmet restricted)
rElec    .         Reflect  .   n - scarf {rC+}
rCorr    .         Harm     .   (no gloves)
MR       .....                  (no boots)
Stlth    +.........             (no amulet)
Regen    0.1/turn               (no ring)
MPRegen  0.2/turn               (no ring)

@: no status effects
A: claws 1, horns 1, magic shield
a: no special abilities


You were on level 3 of the Dungeon.
You were not hungry.

You visited 1 branch of the dungeon, and saw 3 of its levels.

You collected 101 gold pieces.

Inventory:

Hand Weapons
 a - a +1 dagger of venom
 b - a +0 hunting sling
 i - a +0 dagger
 r - a +0 great mace (weapon)
 s - a +1 dagger of venom
Missiles
 w - 25 bolts
 y - 48 stones (quivered)
 B - a throwing net
Armour
 d - a +0 robe
 n - a scarf of cold resistance (worn)
 u - a +0 leather armour (worn)
 x - a +0 buckler
Scrolls
 e - 2 scrolls of enchant armour {unknown}
 j - a scroll of fog {unknown}
 k - 2 scrolls of identify {unknown}
 l - 2 scrolls of recharging {unknown}
 m - a scroll of remove curse {unknown}
 v - a scroll of amnesia {unknown}
Potions
 g - a potion of magic {unknown}
 h - 2 potions of might {unknown}
 o - 2 potions of curing {unknown}
 q - a potion of haste {unknown}
 A - a potion of invisibility {unknown}
 C - a potion of mutation {unknown}
Books
 c - the Handbook of the Birds

   Spells                             Type                      Level
   a - Shock                          Conjuration/Air              1
   b - Static Discharge               Conjuration/Air              3
 p - Wesauceo's Handbook of Displacement

   Spells                             Type                      Level
   a - Apportation                    Translocation                1
   b - Recall                         Summoning/Translocation      3
 t - a Young Poisoner's Handbook

   Spells                             Type                      Level
   a - Sting                          Conjuration/Poison           1
   b - Poisonous Vapours              Poison/Air                   2
   c - Mephitic Cloud                 Conjuration/Poison/Air       3
   d - Olgreb's Toxic Radiance        Poison                       4
   e - Venom Bolt                     Conjuration/Poison           5
Comestibles
 f - 3 bread rations
 z - 4 chunks of flesh
 D - a royal jelly


   Skills:
 - Level 1.0 Stealth
 - Level 1.0 Shields
 + Level 4.5 Spellcasting
 + Level 3.1 Conjurations
 * Level 2.2 Air Magic
 * Level 2.2 Poison Magic


You had 5 spell levels left.
You knew the following spells:

 Your Spells              Type           Power        Failure   Level  Hunger
a - Shock                 Conj/Air       ##..         10%         1    None
b - Poisonous Vapours     Pois/Air       #.....       17%         2    ##.....
c - Sting                 Conj/Pois      ##..         10%         1    None
d - Mephitic Cloud        Conj/Pois/Air  ##......     28%         3    ###....


Dungeon Overview and Level Annotations

Branches:
Dungeon (3/15)

Altars:
Elyvilon
Okawaru

Annotations:
D:3 Laan's ghost, amateur NaFE


Innate Abilities, Weirdness & Mutations

You have sharp fingernails.
You have a pair of small horns on your head.
When hurt, damage is shared between your health and your magic reserves.


Message History

Laan's ghost is lightly damaged.
Wield which item (- for none, * to show all)? (? for menu, Esc to quit)
r - a +0 great mace (weapon)
You thump Laan's ghost! Your headbutt misses Laan's ghost.
Laan's ghost is heavily damaged.
Laan's ghost gestures at you while chanting.
The flame tongue hits you! Laan's ghost barely misses you.
Your magical contamination has completely faded away.
You barely miss Laan's ghost. You headbutt Laan's ghost.
Laan's ghost is severely damaged.
Laan's ghost hits you!
You are too injured to fight recklessly!
You barely miss Laan's ghost.
Laan's ghost is severely damaged.
Laan's ghost closely misses you. Laan's ghost barely misses you.
You hit Laan's ghost. You headbutt Laan's ghost.
Laan's ghost is severely damaged.
Laan's ghost gestures at you while chanting.
The flame tongue hits you!
You die...

#.#.........†....
##.............#.#
#............#.#..
####...........##.###
.................##....
.##..#............###..#
.......................#
#....###(........#####..
.......@....#....# ##.
.....#W?...#####.# #
.###.(.....#####.# .
..#(#.#.......... ..
#.#.#............. ..
#.....$............
(........<÷.........##
####..........#####.###
......#.##......#


You could see Laan's ghost.

Vanquished Creatures
  3 adders
  2 oozes
  4 worms
  4 dart slugs
  A leopard gecko (D:1)
  2 giant cockroaches
  15 goblins
  5 hobgoblins (D:2)
  9 kobolds
  A quokka (D:2)
  A ball python (D:1)
  7 bats
  7 frilled lizards
  5 rats
66 creatures vanquished.

Notes
Turn   | Place    | Note
-------+----------+-------------------------------------------
     0 | D:1      | Kwzr the Demonspawn Wanderer began the quest for the Orb.
     0 | D:1      | Kwzr set off with: a Young Poisoner's Handbook, Wesauceo's Handbook of Displacement, the Handbook of the Birds, a +0 robe, a +0 club, a bread ration
     0 | D:1      | Reached XP level 1. HP: 13/13 MP: 5/5
     0 | D:1      | Identified Wesauceo's Handbook of Displacement
     0 | D:1      | Identified the Handbook of the Birds
     2 | D:1      | Learned a level 1 spell: Shock
     8 | D:1      | Noticed a six-headed hydra
     8 | D:1      | Noticed a water moccasin
     8 | D:1      | Noticed a polar bear
     9 | D:1      | Noticed a crocodile
   232 | D:1      | Gained mutation: You have a pair of small horns on your head. [demonic ancestry]
   232 | D:1      | Reached XP level 2. HP: 15/19 MP: 5/7
   282 | D:1      | Learned a level 2 spell: Poisonous Vapours
   284 | D:1      | Learned a level 1 spell: Sting
   623 | D:1      | Gained mutation: When hurt, damage is shared between your health and your magic reserves. [demonic ancestry]
   623 | D:1      | Reached XP level 3. HP: 21/24 MP: 4/8
   872 | D:2      | Learned a level 3 spell: Mephitic Cloud
  1115 | D:2      | Found an iron altar of Okawaru.
  1121 | D:2      | Gained mutation: You have sharp fingernails. [demonic ancestry]
  1121 | D:2      | Reached XP level 4. HP: 28/30 MP: 0/10
  1549 | D:2      | Found a white marble altar of Elyvilon.
  1904 | D:3      | Noticed Laan's ghost (amateur NaFE)
  2139 | D:3      | Killed from afar by Laan's ghost

Vault maps used:
D:1:      onia_arrival_zoo_common, minmay_hexomino_p4
D:2:      okawaru_gym_becter, marbit_many_paths, first_bread
D:3:      minmay_misc_feat_cross

Skill      XL: |  1  2  3  4 |
---------------+-------------+-----
Conjurations   | 3 |  3.1
Air Magic      | 2 |  2.2
Poison Magic   | 2 |  2.2
Stealth        | |  1.0
Shields        | |  1.0
Spellcasting   | |  4.5

Action                   |  1- 3 |  4- 6 || total
-------------------------+-------+-------++-------
Melee: Club              |    16 |       ||    16
       Headbutt          |     6 |     8 ||    14
       Dagger            |     3 |    30 ||    33
       Great mace        |     3 |     4 ||     7
 Fire: Hunting sling     |       |    16 ||    16
 Cast: Shock             |    38 |    12 ||    50
       Poisonous Vapours |    17 |    13 ||    30
       Sting             |     6 |     1 ||     7
 Stab: Sleeping          |     1 |       ||     1
  Eat: Chunk             |     1 |     3 ||     4
       Fruit             |       |     1 ||     1
Armor: Robe              |     8 |       ||     8
       Leather armour    |       |     8 ||     8
Dodge: Dodged            |    21 |    17 ||    38
